 Dungeon Crawl Stone Soup version 0.25-a0-317-g5f8687bca5 (webtiles) character file.

Game seed: 3258229462402447694, levelgen mode: deterministic

1859 Error4North the Chopper (level 9, 0/74 HPs)
             Began as a Hill Orc Fighter on Dec 26, 2019.
             Slain by an orc warrior
             ... wielding a +0 long sword of freezing
              (9 damage)
             ... on level 6 of the Dungeon.
             The game lasted 00:27:05 (6182 turns).

Error4North the Chopper (Hill Orc Fighter)          Turns: 6182, Time: 00:27:06

Health: 0/74       AC: 12    Str: 20    XL:     9   Next: 13%
Magic:  13/13      EV:  8    Int: 10    God:
Gold:   105        SH: 10    Dex: 10    Spells: 14/14 levels left

rFire    + . .     SeeInvis .   a - +0 war axe
rCold    . . .     Gourm    .   c - +0 shield
rNeg     . . .     Faith    .   b - +0 scale mail
rPois    .         Spirit   .   n - +1 helmet
rElec    .         Reflect  .   (no cloak)
rCorr    .         Harm     .   s - +0 pair of gloves
MR       .....                  d - +0 pair of boots {run}
Stlth    ..........             (no amulet)
HPRegen  0.22/turn              t - ring of attention
MPRegen  0.13/turn              x - ring of protection from fire

@: quick
A: no striking features
a: no special abilities


You were on level 6 of the Dungeon.
You were not hungry.

You visited 2 branches of the dungeon, and saw 8 of its levels.

You collected 285 gold pieces.
You spent 180 gold pieces at shops.

Inventory:

Hand Weapons
 a - a +0 war axe (weapon)
 D - a +2 flail of crushing
Missiles
 o - 59 sling bullets
 u - a boomerang (quivered)
 v - 37 stones
Armour
 b - a +0 scale mail (worn)
 c - a +0 shield (worn)
 d - a +0 pair of boots of running (worn)
 n - a +1 helmet (worn)
 s - a +0 pair of gloves (worn)
Jewellery
 t - a ring of attention (left hand)
 x - a ring of protection from fire (right hand)
 y - an uncursed amulet of guardian spirit {unknown}
 A - an uncursed ring of ice {unknown}
Wands
 h - a wand of clouds (6)
 z - a wand of scattershot (4)
 C - a wand of polymorph (4)
Scrolls
 g - 11 scrolls of identify
 i - a scroll of remove curse
 j - a scroll of enchant weapon {unknown}
 l - 3 scrolls of teleportation
 p - a scroll of immolation
 B - a scroll of fog {unknown}
Potions
 e - 2 potions of brilliance
 k - 2 potions of haste
 m - 2 potions of flight
 q - a potion of heal wounds
 r - 4 potions of curing
 w - a potion of resistance {unknown}
Comestibles
 f - 5 rations


   Skills:
 + Level 5.0 Fighting
 + Level 6.6 Axes
   Level 2.2(3.0) Slings
 + Level 2.9(3.3) Throwing
 * Level 5.5 Armour
 + Level 2.0 Dodging
 + Level 0.5 Stealth
 * Level 6.0 Shields
 * Level 3.2 Spellcasting
 * Level 3.3 Evocations


You had 14 spell levels left.
You didn't know any spells.
Your spell library contained the following spells:

 Spells                   Type           Power        Failure   Level  Hunger
 Animate Skeleton         Necr           N/A          94%         1    #......
 Apportation              Tloc           #.....       94%         1    #......
 Confusing Touch          Hex            #.....       94%         1    #......
 Freeze                   Ice            #...         94%         1    #......
 Magic Dart               Conj           #...         94%         1    #......
 Summon Small Mammal      Summ           #...         94%         1    #......
 Searing Ray              Conj           #.....       98%         2    ###....
 Dazzling Flash           Conj/Hex       #.....       100%        3    ###....
 Fulminant Prism          Conj/Hex       #.........   100%        4    #####..
 Iskenderun's Mystic Bla  Conj/Tloc      #.......     100%        4    #####..


Dungeon Overview and Level Annotations

Branches:
Dungeon (7/15)             Temple (1/1) D:6

Altars:
Ashenzari
Dithmenos
Elyvilon
Fedhas
Gozag
Hepliaklqana
Kikubaaqudgha
Makhleb
Nemelex Xobeh
Okawaru
Qazlal
Sif Muna
Trog
Uskayaw
Vehumet
Wu Jian
Xom
Yredelemnul
Zin

Shops:
D:5 *

Annotations:
D:3 2 transporters, Borgoz's ghost, amateur GrGl
D:7 3 runed translucent doors, Orphidia's ghost, novice DEIE


Message History

There is a stone staircase leading up here.
You can't go down here!
The orc hits you but does no damage. The orc barely misses you.
The orc warrior hits you from afar with a +0 trident!
* * * LOW HITPOINT WARNING * * *
You climb upwards.
There is a stone staircase leading down here.
You closely miss the orc.
Your shield prevents you from hitting the orc warrior.
You closely miss the orc warrior. You block the orc warrior's attack.
You closely miss the orc warrior.
The orc warrior hits you with a +0 long sword of freezing.
* * * LOW HITPOINT WARNING * * *
The orc warrior freezes you.
* * * LOW HITPOINT WARNING * * *
You hit the orc warrior but do no damage.
You block the orc warrior's attack.
You closely miss the orc warrior.
The orc warrior hits you with a +0 long sword of freezing!
You die...

........########
........#......#
........#......#
.....[<.#......#
........#......#
...............#
≈≈≈≈...........#
≈≈≈≈≈≈.........###
≈≈≈≈≈≈≈≈......oo@#
≈≈≈≈≈≈≈≈≈.....o###
...≈≈≈≈≈≈......#
.>.≈≈≈≈≈≈......#
...≈≈≈≈≈≈......#
≈≈≈≈≈≈≈≈.......#
≈≈≈≈≈≈......#+##
≈≈≈≈..........#
..........#.###


You could see an orc warrior and 2 orcs.

Vanquished Creatures
  3 yaks
  A steam dragon (D:7)
  Edmund (D:6)
  Duvessa (D:5)
  2 ice beasts (D:5)
  A sky beast (D:5)
  2 ogres
  Dowan (D:5)
  A scorpion (D:4)
  A howler monkey (D:7)
  A crimson imp (D:5)
  2 orc priests
  2 jellies (D:6)
  6 orc wizards
  A worker ant (D:7)
  An iguana (D:5)
  4 adders
  2 adder zombies
  An ooze (D:1)
  2 worms
  A dart slug (D:1)
  2 leopard geckos
  11 orcs
  5 giant cockroaches
  4 goblins
  3 hobgoblins (D:1)
  6 jackals (D:3)
  A quokka (D:4)
  2 ball pythons
  7 bats (D:1)
  2 frilled lizards
  4 kobolds
  A leopard gecko skeleton (D:7)
  2 quokka skeletons
  7 rats
94 creatures vanquished.

Vanquished Creatures (others)
  2 scorpions (D:6)
  A quokka (D:6)
3 creatures vanquished.

Grand Total: 97 creatures vanquished

Notes
Turn   | Place    | Note
-------+----------+-------------------------------------------
     0 | D:1      | Error4North the Hill Orc Fighter began the quest for the
                  | Orb.
     0 | D:1      | Reached XP level 1. HP: 19/19 MP: 1/1
   151 | D:1      | Reached XP level 2. HP: 14/27 MP: 2/2
   834 | D:1      | Reached XP level 3. HP: 33/33 MP: 3/3
  1200 | D:2      | You fall into a shaft and drop 2 floors!
  1240 | D:3      | Found a transporter.
  1242 | D:3      | Noticed Borgoz's ghost (amateur GrGl)
  1291 | D:3      | Reached skill level 1 in Slings
  1482 | D:2      | Found a white marble altar of Elyvilon.
  1917 | D:3      | Found a transporter.
  2308 | D:3      | Reached XP level 4. HP: 38/40 MP: 4/4
  2862 | D:4      | Reached skill level 1 in Throwing
  2952 | D:4      | Found a shimmering blue altar of Sif Muna.
  3004 | D:4      | Reached skill level 1 in Spellcasting
  3004 | D:4      | Reached XP level 5. HP: 35/46 MP: 6/6
  3296 | D:5      | Entered Level 5 of the Dungeon
  3298 | D:5      | Noticed an ogre
  3299 | D:5      | Noticed a sky beast
  3355 | D:5      | Noticed a yak
  3355 | D:5      | Noticed a yak
  3355 | D:5      | Noticed a yak
  3373 | D:4      | Reached XP level 6. HP: 39/52 MP: 6/8
  3482 | D:5      | Found Kiso's Assorted Antiques.
  3498 | D:5      | Killed a sky beast
  3515 | D:5      | Bought a pair of glowing boots for 180 gold pieces
  3522 | D:5      | Identified a +0 pair of boots of running (You bought it in
                  | a shop on level 5 of the Dungeon)
  3525 | D:5      | Noticed an ice beast
  3541 | D:5      | Killed an ice beast
  3541 | D:5      | Reached skill level 1 in Evocations
  3587 | D:5      | Reached XP level 7. HP: 44/59 MP: 9/9
  3638 | D:5      | Found an ancient bone altar of Kikubaaqudgha.
  3975 | D:5      | Noticed Duvessa
  3984 | D:5      | Noticed Dowan
  4030 | D:5      | Killed Dowan
  4033 | D:5      | Killed Duvessa
  4033 | D:5      | Reached skill level 5 in Shields
  4212 | D:4      | Killed a yak
  4212 | D:4      | Reached XP level 8. HP: 45/67 MP: 11/11
  4258 | D:4      | Identified Sif Muna's Grimoire of Snow
  4379 | D:5      | Reached skill level 1 in Dodging
  4388 | D:5      | Killed a yak
  4388 | D:5      | Reached skill level 5 in Axes
  4388 | D:5      | Reached skill level 5 in Armour
  4394 | D:5      | Killed a yak
  4848 | D:6      | Found a staircase to the Ecumenical Temple.
  4858 | Temple   | Entered the Ecumenical Temple
  5344 | D:6      | Found a bloodstained altar of Trog.
  5344 | D:6      | Found a glowing silver altar of Zin.
  5345 | D:6      | Found an opulent altar of Gozag.
  5348 | D:6      | Found an iron altar of Okawaru.
  5401 | D:6      | Noticed Edmund
  5416 | D:6      | Killed Edmund
  5471 | D:6      | Found a shimmering altar of Xom.
  5731 | D:7      | Found a runed translucent gate.
  5731 | D:7      | Found a runed translucent gate.
  5731 | D:7      | Found an opulent altar of Gozag.
  5731 | D:7      | Found a runed translucent gate.
  5731 | D:7      | Noticed a cyclops
  5731 | D:7      | Noticed Orphidia's ghost (novice DEIE)
  5815 | D:7      | Reached XP level 9. HP: 59/73 MP: 13/13
  5866 | D:7      | Reached skill level 5 in Fighting
  6182 | D:6      | Slain by an orc warrior

Levels and vault maps discovered:
D:1:      scummos_arrival_checkerplants, layout_basic, st_stairs_5
D:2:      layout_rooms, elyvilon_altar_3, serial_park_tiny_1
D:3:      layout_loops_corners, gammafunk_ghost_mausoleum
D:4:      layout_gridville, led_sif_book, first_ration
D:5:      layout_cave_pools, nicolae_overflow_crystal_walls, serial_shops,
          shop_fountains, uniq_duvessa
D:6:      layout_basic, grunt_temple_overflow_open, xom_confusion_cloud,
          temple_pool_b, minmay_misc_feat_rugged, uniq_edmund
D:7:      layout_loops_corners, lemuel_crystal_altar, nicolae_ru_path_of_blood,
          basic_altar, ebering_ghost_gozag, uniq_joseph, uniq_prince_ribbit1
Temple:   minmay_temple_curvy_loop

Skill      XL: |  1  2  3  4  5  6  7  8  9 |
---------------+----------------------------+-----
Slings         | 1 2 |  2.2
Fighting       | 4 5 |  5.0
Shields        | 4 5 6 |  6.0
Throwing       | 1 2 |  2.9
Spellcasting   | 1 2 3 |  3.2
Armour         | 4 5 |  5.5
Axes           | 3 4 6 |  6.6
Evocations     | 1 2 3 |  3.3
Dodging        | 1 2 |  2.0
Stealth        | |  0.5

Action                   |  1- 3 |  4- 6 |  7- 9 || total
-------------------------+-------+-------+-------++-------
Melee: War axe           |    45 |    44 |   205 ||   294
       Hunting sling     |     1 |       |       ||     1
 Fire: Hunting sling     |   112 |     9 |       ||   121
Throw: Boomerang         |    35 |    82 |    20 ||   137
  Use: Potion            |     1 |     1 |     5 ||     7
       Scroll            |     3 |     1 |       ||     4
  Eat: Chunk             |     4 |     2 |       ||     6
       Ration            |       |     1 |     2 ||     3
Armor: Scale mail        |    89 |    38 |    85 ||   212
       Skin              |       |       |    26 ||    26
Dodge: Dodged            |    49 |    22 |    54 ||   125
Block: Shield            |    73 |    43 |    96 ||   212

Table legend:
 A = Non-vault XP
 B = Vault XP
 C = Vault XP percentage of total XP
 D = Non-vault monster count
 E = Vault monster count
 F = Vault count percentage of total count
                 A         B        C        D         E       F
            +---------+---------+-------+---------+---------+-------
      Total |    2163 |     493 |  18.6 |      85 |       9 |   9.6
            +---------+---------+-------+---------+---------+-------
        D:1 |      31 |       4 |  11.4 |      16 |       3 |  15.8
        D:2 |      13 |       0 |   0.0 |       8 |       0 |   0.0
        D:3 |      38 |       0 |   0.0 |      15 |       0 |   0.0
        D:4 |     397 |      76 |  16.1 |      13 |       2 |  13.3
        D:5 |    1006 |     214 |  17.5 |      10 |       2 |  16.7
        D:6 |     256 |     199 |  43.7 |       8 |       2 |  20.0
        D:7 |     422 |       0 |   0.0 |      15 |       0 |   0.0
            +---------+---------+-------+---------+---------+-------
